Unix NetHack Version 5.0.0-0 post-release - last build May 17 2026 04:57:42 (dc50c8380fa5e20985bfe3072449f57b8d9895ef,branch:main).

Game began 2026-05-21 04:40:55, ended 2026-05-21 04:53:38.

CyberFan, neutral female human Priestess

                           .....
                      .    -.G@G
                     ..  ---..-.
                    ....-|))%..
                    .....|.---
                    .....<0|
                    --------

CyberFan the Acolyte         St:12 Dx:11 Co:14 In:9 Wi:18 Ch:12  Neutral
Dlvl:3  $:39 HP:0(30) Pw:36(48) AC:4  Xp:4/131 T:1805  Stun

Latest messages:
 You kill the gnome!
 It is hit.
 The gnome thrusts one of her daggers.
 The gnome hits!
 You hear a D note squeak in the distance.
 You try to move the boulder, but in vain.
 There is a rolling boulder trap here.
 You see here an uncursed dagger.
 Click!  You trigger a rolling boulder trap!
 No boulder was released.
 The gnome thrusts one of her daggers.
 The gnome hits!
 You see here an uncursed dagger.
 You are too impaired to cast a spell.
 There is a rolling boulder trap here.
 You see here an uncursed dagger.
 Click!  You trigger a rolling boulder trap!
 No boulder was released.
 The gnome thrusts one of her daggers.
 The gnome hits!
 The gnome lord hits!
 The gnome thrusts one of her daggers.
 The gnome hits!
 #
 You begin praying to Venus.
 You are surrounded by a shimmering light.
 The hobbit starts to attack you, but pulls back.
 The hobbit picks up an uncursed runed dagger.
 The gnome lord starts to attack you, but pulls back.
 The gnome starts to attack you, but pulls back.
 The gnome lord starts to attack you, but pulls back.
 The hobbit starts to attack you, but pulls back.
 The hobbit wields an uncursed runed dagger!
 The gnome lord starts to attack you, but pulls back.
 The gnome starts to attack you, but pulls back.
 You finish your prayer.
 You feel that Venus is well-pleased.
 You feel much better.
 You miss the hobbit.
 The hobbit swings his sling.
 The hobbit hits!
 The hobbit thrusts his runed dagger.
 The hobbit hits!
 The gnome thrusts one of her daggers.
 The gnome hits!
 The hobbit thrusts his runed dagger.
 The hobbit hits!
 The gnome lord hits!
 The gnome lord hits!
 You die...

Inventory:
 Coins    ('$')
  $ - 39 gold pieces
 Weapons  (')')
  s - the uncursed +0 Demonbane (weapon in right hand)
  a - a blessed +1 mace
  k - a blessed +1 two-handed sword
 Armor    ('[')
  j - an uncursed +0 orcish helm (being worn)
  u - an uncursed +0 pair of iron shoes (being worn)
  c - an uncursed +0 small shield (being worn)
  b - an uncursed +0 robe (being worn)
 Comestibles  ('%')
  e - an uncursed clove of garlic
  f - an uncursed sprig of wolfsbane
  w - 2 cursed rotten tins of gecko meat
 Scrolls  ('?')
  m - 2 uncursed scrolls of identify
 Spellbooks  ('+')
  g - an uncursed spellbook of healing
  h - an uncursed spellbook of light
 Potions  ('!')
  l - an uncursed potion of healing
  r - an uncursed potion of speed
  d - 4 potions of holy water

CyberFan the Priestess's attributes:

Background:
 You were an Acolyte, a level 4 human Priestess.
 You were neutral, on a mission for Venus
 who was opposed by Mercury (lawful) and Mars (chaotic).
 You were right-handed.
 You were in the Gnomish Mines, on level 3.
 You entered the dungeon 1805 turns ago.
 It was nighttime.
 You had 131 experience points, 29 more were needed to attain level 5.

Basics:
 You had 0 out of 30 hit points.
 You had 36 out of 48 energy points (spell power).
 Your armor class was 4.
 Your wallet contained 39 zorkmids.
 Autopickup was on for '$%?!"=/*', with exceptions.

Final Characteristics:
 Your strength was 12 (limit:18/100).
 Your dexterity was 11 (limit:18).
 Your constitution was 14 (limit:18).
 Your intelligence was 9 (limit:18).
 Your wisdom was 18 (limit:18).
 Your charisma was 12 (limit:18).

Final Status:
 You were stunned.
 You weren't hungry.
 You were unencumbered.
 You were wielding a mace.
 You had basic skill with mace.

Final Attributes:
 You were devoutly aligned.
 You were guarded.
 Your spell casting was enhanced by wearing a robe.
 You are dead.

Miscellaneous:
 You disabled loading and storing of bones levels.
 Total elapsed playing time was 12 minutes and 41 seconds.

Major events:
 Turn
    1: CyberFan the neutral human Priestess entered the dungeon
  474: attained the rank of Acolyte (level 3)
  591: entered the Gnomish Mines
 1011: was bestowed with Demonbane by Venus
 1805: killed by a gnome lord

Spells:
 Name                 Level Category     Fail Retention
 healing                1   healing        0%  76%-100%
 light                  1   clerical       0%  91%-100%

Skills:
 Fighting Skills
   bare handed combat [Unskilled]
 Weapon Skills
   club               [Unskilled]
   mace               [Basic]
   morning star       [Unskilled]
   flail              [Unskilled]
   hammer             [Unskilled]
   quarterstaff       [Unskilled]
   polearms           [Unskilled]
   spear              [Unskilled]
   trident            [Unskilled]
   lance              [Unskilled]
   bow                [Unskilled]
   sling              [Unskilled]
   crossbow           [Unskilled]
   dart               [Unskilled]
   shuriken           [Unskilled]
   boomerang          [Unskilled]
   unicorn horn       [Unskilled]
 Spellcasting Skills
   healing spells     [Unskilled]
   divination spells  [Unskilled]
   clerical spells    [Basic]

Voluntary challenges:
 Character rerolling was not enabled.
 You were illiterate.
 You never genocided any monsters.
 You never polymorphed an object.
 You never changed form.
 You used no wishes.
Achievements:
 You attained the rank of Acolyte.
 You entered the Gnomish Mines.

 The Dungeons of Doom: levels 1 to 5
    Level 1:
       An altar, a fountain.
    Level 2:
       Stairs down to The Gnomish Mines.
    Level 3:
       An altar to Venus, a fountain.
    Level 4:
       A grave.
    Level 5:
 The Gnomish Mines:
    Level 3: <- You were here.
       Final resting place for
          you, killed by a gnome lord.


Vanquished creatures:
  2 kittens
  a dwarf
  a kobold leader
  a giant bat
  a wererat
  2 coyotes
  a gas spore
  2 hobbits
  2 giant rats
  2 cave spiders
  a red mold
  5 gnomes
  a gnome zombie
  2 geckos
  4 jackals
  a fox
  a goblin
  a sewer rat
  3 grid bugs
  a bat
  3 lichens
  2 newts
40 creatures vanquished.

No species were genocided or became extinct.

Game over:
                       ----------
                      /          \
                     /    REST    \
                    /      IN      \
                   /     PEACE      \
                  /                  \
                  |     CyberFan     |
                  |      39 Au       |
                  |   killed by a    |
                  |    gnome lord    |
                  |                  |
                  |                  |
                  |       2026       |
                 *|     *  *  *      | *
        _________)/\\_//(\/(/\)/\//\/|_)_______

Goodbye CyberFan the Priestess...

You died in The Gnomish Mines on dungeon level 3 with 760 points,
and 39 pieces of gold, after 1805 moves.
You were level 4 with a maximum of 30 hit points when you died.

